 Dungeon Crawl Stone Soup version 0.32-a0-540-g866d13106e (webtiles) character file.

Game seed: 6600460242262272418

16 ytrimaz the Chopper (level 2, -11/36 HPs)
             Began as a Coglin Berserker on Feb 29, 2024.
             Was a Follower of Trog.
             Mangled by a gnoll
             ... wielding a +0 halberd
              (13 damage)
             ... on level 2 of the Dungeon.
             The game lasted 00:01:11 (602 turns).

ytrimaz the Chopper (Coglin Berserker)               Turns: 602, Time: 00:01:11

Health: -11/36     AC:  6    Str: 17    XL:     2   Next: 58%
Magic:  2/2        EV: 11    Int:  6    God:    Trog [*.....]
Gold:   122        SH:  0    Dex: 13    Spells: 1/1 levels left

rFire   . . .        a - +1 hand axe {Shatu-murrim}
rCold   . . .        (no shield)
rNeg    . . .        h - +0 ring mail
rPois   .            f - +0 helmet
rElec   .            (no cloak)
rCorr   .            (no gloves)
SInv    .            (no boots)
Will    .....        g - amulet of faith Stlth
                     (ring unavailable)
HPRegen 0.26/turn    (ring unavailable)
MPRegen 0.08/turn

%: faith
@: berserking, revving, very quick
A: off-hand wielding, slow wielding, warmup strikes, no rings
a: Renounce Religion, Berserk


You were on level 2 of the Dungeon.
You worshipped Trog.
Trog was aware of your devotion.
You visited 1 branch of the dungeon, and saw 2 of its levels.

You collected 122 gold pieces.


Innate Abilities, Weirdness & Mutations

You can wield a second weapon in your off-hand.
It takes a long time for you to wield or remove held weapons.
Your first few attacks do less damage.
Your grasper-arms cannot wear rings.


   Skills:
 - Level 3.0 Fighting
 + Level 3.4 Axes
 + Level 2.3 Armour
 - Level 1.7 Dodging


You had one spell level left.
You didn't know any spells.
Your spell library was empty.

Inventory:

Hand Weapons
 a - a +1 hand axe (weapon) {Shatu-murrim}
Armour
 f - a +0 helmet (worn)
   (You found it on level 1 of the Dungeon)
 h - a +0 ring mail (worn)
   (You found it on level 1 of the Dungeon)
Jewellery
 g - an amulet of faith (around neck)
   (You found it on level 1 of the Dungeon)
Scrolls
 c - a scroll of teleportation
Potions
 b - 2 potions of brilliance {unknown}
 d - a potion of might {unknown}
 e - 2 potions of cancellation

Dungeon Overview and Level Annotations

Branches:
Dungeon (2/15) Zot: 11392

Altars:

#################
#...............##
#.#<##########...# #)#.#
#...# #.#.# #...# #.#.#
#...# #.#.# #...# #
##.#)##########...###.##
................@.......
....############gg......
....####### #g.....##
........... #.####.#
##.######## #.# ...
................r.......
.#########.####..###....
[..# #..# .. ...####
#..#


You could see 3 gnolls and a rat.


Message History

You hit the kobold.
You kill the kobold!
Trog accepts your kill.
Things that are here:
a +0 dagger; 4 stones; a kobold corpse; 😕 HP[+1]
You see here a +0 ring mail. 😕 HP[+1]
h - a +0 ring mail You start removing your armour.
You continue removing your +0 animal skin. x4
You finish removing your +0 animal skin.
You start putting on your armour.
You continue putting on your +0 ring mail. x5
You finish putting on your +0 ring mail. 😎 HP[+1]
Your hp is fully restored (24).
You drop a +0 animal skin.
You now have 105 gold pieces (gained 6).
b - 2 pink potions You see here a +0 dagger.
You now have 113 gold pieces (gained 8).
Key pressed, stopping explore.
Key pressed, stopping explore.
You see here a +0 club.
Key pressed, stopping explore.
Done exploring.
Done exploring.
Done exploring.
Done exploring.
There is a stone staircase leading down here.
You climb downwards.
There is a stone staircase leading up here.
Found a stone staircase leading down.
You now have 121 gold pieces (gained 8).
A kobold comes into view. It is wielding a +0 short sword.
A kobold is nearby!
A kobold is nearby!
A kobold is nearby!
The kobold enters a dispersal trap!
You blink.
The kobold blinks!
You see here 4 stones.
You now have 122 gold pieces (gained 1).
A kobold comes into view. It is wielding a +0 short sword.
The kobold shouts!
A kobold is nearby!
A kobold is nearby!
Found a stone staircase leading up.
The kobold hits you with a +0 short sword. 😕 HP[-2]
You take 2 damage, and now have 22/24 hp.
You hit the kobold.
You kill the kobold!
Trog accepts your kill.
Things that are here:
a +0 short sword; a kobold corpse
There is a stone staircase leading up here.
A gnoll comes into view. It is wielding a +0 halberd.
The gnoll shouts!
You hear a shout!
A gnoll comes into view. It is wielding a +0 whip. 😎 HP[+2]
Your hp is fully restored (24).
There are monsters nearby!
There are monsters nearby!
A gnoll comes into view.
It is wielding a +0 club and quivering a throwing net.
The gnoll shouts!
The gnoll throws a throwing net.
The throwing net barely misses you. The gnoll attacks as it pursues you!
The gnoll misses you.
You see here a throwing net.
The gnoll attacks as it pursues you!
The gnoll hits you from afar with a +0 halberd. 😕 HP[-2]
You take 2 damage, and now have 22/24 hp.
The gnoll attacks as it pursues you!
The gnoll hits you from afar with a +0 halberd. 😮 HP[-5]
You take 5 damage, and now have 17/24 hp.
MASSIVE DAMAGE!! (PAUSE)
Okay, then.
The gnoll closely misses you.
A rat comes into view.
You fail to use your ability.
The rat squeaks loudly.
The gnoll hits you with a +0 halberd!
* * * LOW HITPOINT WARNING * * *
The gnoll hits you with a +0 whip.
* * * LOW HITPOINT WARNING * * *
😱 HP[-16]
You take 16 damage, and now have 1/24 hp.
MASSIVE DAMAGE!! (PAUSE) Unknown command.
A red film seems to cover your vision as you go berserk!
You feel yourself moving faster!
You feel mighty! The gnoll closely misses you.
The gnoll hits you with a +0 whip.
* * * LOW HITPOINT WARNING * * *
You now have 36 max hp (+12).
Unknown command.
You completely miss the gnoll. You closely miss the gnoll.
The gnoll hits you with a +0 halberd!
You die...

Skill      XL: |  1 |
---------------+----+-----
Armour         | 2 |  2.3
Fighting       | |  3.0
Axes           | |  3.4
Dodging        | |  1.7

Action                     || total
---------------------------++-------
  Melee: Hand axe          ||    35
 Invoke: Berserk           ||     1
    Use: Scroll            ||     4
 Armour: Animal skin       ||    26
         Ring mail         ||     7
  Dodge: Dodged            ||    26

Levels and vault maps discovered:
D:1:      matt_arrival_diagonals, layout_rooms, minmay_tetromino_o4
D:2:      layout_basic, minmay_misc_feat_rows

Notes
Turn   | Place    | Note
-------+----------+-------------------------------------------
     0 | D:1      | ytrimaz the Coglin Berserker began the quest for the Orb.
     0 | D:1      | Reached XP level 1. HP: 18/18 MP: 1/1
     0 | D:1      | magus.rc [v1.9.6]
   104 | D:1      | Reached skill level 2 in Armour
   106 | D:1      | HP: 4/18 [hobgoblin (3)]
   108 | D:1      | Reached XP level 2. HP: 5/24 MP: 2/2
   600 | D:2      | HP: 1/24 [gnoll/+0 whip (6)]
   602 | D:2      | Mangled by a gnoll

Vanquished Creatures
  A dart slug (D:1)
  A ball python (D:1)
  A giant cockroach (D:1)
  2 hobgoblins (D:1)
  3 jackals (D:1)
  2 frilled lizards (D:1)
  3 kobolds
  A rat (D:1)
14 creatures vanquished.

Table legend:
 A = Non-vault XP
 B = Vault XP
 C = Vault XP percentage of total XP
 D = Non-vault monster count
 E = Vault monster count
 F = Vault count percentage of total count
                 A         B        C        D         E       F
            +---------+---------+-------+---------+---------+-------
      Total |      16 |       8 |  33.3 |      10 |       4 |  28.6
            +---------+---------+-------+---------+---------+-------
        D:1 |      15 |       8 |  34.8 |       9 |       4 |  30.8
        D:2 |       1 |       0 |   0.0 |       1 |       0 |   0.0
            +---------+---------+-------+---------+---------+-------

Skill      XL: |  1 |
---------------+----+-----
Armour         | 2 |  2.3
Fighting       | |  3.0
Axes           | |  3.4
Dodging        | |  1.7

Action                     || total
---------------------------++-------
  Melee: Hand axe          ||    35
 Invoke: Berserk           ||     1
    Use: Scroll            ||     4
 Armour: Animal skin       ||    26
         Ring mail         ||     7
  Dodge: Dodged            ||    26

Illustrated notes

Table legend:
 A = Kills in this place as a percentage of kills in the entire game.
 B = Kills by you in this place as a percentage of kills by you in the entire game.
 C = Kills by friends in this place as a percentage of kills by friends in the entire game.
 D = Other kills in this place as a percentage of other kills in the entire game.
 E = Experience gained in this place as a percentage of experience gained in the entire game.
 F = Experience gained in this place divided by the number of levels of this place that you have seen.
                   A       B       C       D       E      F
               +-------+-------+-------+-------+-------+----------------------
         Total | 100.0 | 100.0 |   N/A |   N/A | 100.0 |  12.0
       Dungeon | 100.0 | 100.0 |   N/A |   N/A | 100.0 |  12.0
               +-------+-------+-------+-------+-------+----------------------

Table legend: (Time is in decaauts)
 A = Elapsed time spent in this place.
 B = Non-inter-level travel time spent in this place.
 C = Inter-level travel time spent in this place.
 D = Time resting spent in this place.
 E = Time spent auto-exploring this place.
 F = Levels seen in this place.
 G = Mean time per level.
                   A        B        C        D        E       F      G
               +--------+--------+--------+--------+--------+-----+--------+
         Total |    606 |    588 |     18 |      0 |    426 |   2 |  303.0 |
       Dungeon |    606 |    588 |     18 |      0 |    426 |   2 |  303.0 |
               +--------+--------+--------+--------+--------+-----+--------+

Top non-repeatable levels by time:
     D:1: 530 daAuts
     D:2: 75 daAuts
